cohdb
Replays
Latest Replays
All Replays
Popular Replays
Top Player Replays
Match Explorer
How It Works
Community
CoH3 Stats
Reddit
Sign in to upload your games and track your stats! →
Sign in with Steam
Match 24660793
Unlisted
Match 24660793
Overview
Messages
Build Orders
End
Construct Section Command Post
Infantry Section
Infantry Section
Dingo Light Scout Car
Construct Platoon Command Post
Unlock Bishop Self-propelled Artillery
Bishop Self-propelled Artillery
Selects Indian Artillery Battlegroup
Selects Towed ML 4.2-inch Heavy Mortar
Towed ML 4.2-inch Heavy Mortar
Royal Engineer Section
Selects War Cry
Selects Gurkha Rifles Section
Infantry Training
Gurkha Rifles Section
Vickers Machine Gun Team
CMP 15cwt Truck
6-pounder Anti-tank Gun Team
Selects Volunteer Infantry
Selects Off-map Airburst Barrage
Gurkha Rifles Section
Royal Engineer Section
Grenade Package
Construct Company Command Post
Foot Guards Section
SneaKerz
gb_gbg
USF Plz Build Ambu
FeedMeHealthRelic
0
0
Comments
sign in to comment!
No comments posted yet!